 Dungeon Crawl Stone Soup version 0.31-a0-1059-g83d41fd8b6 (webtiles) character file.

Game seed: 13954127252841535323

120035 Dirtsage the Severer (level 16, -17/127 HPs)
             Began as a Demonspawn Berserker on Nov 20, 2023.
             Was the Champion of Trog.
             Blown up by an orb spider (25 damage)
             ... with an orb of destruction
             ... on level 1 of the Spider Nest on Nov 21, 2023.
             The game lasted 00:53:26 (24131 turns).

Dirtsage the Severer (Demonspawn Berserker)        Turns: 24131, Time: 00:53:27

Health: -17/127    AC: 23    Str: 30    XL:     16   Next: 29%
Magic:  0/17       EV: 13    Int: 15    God:    Trog [******]
Gold:   1340       SH: 21    Dex: 17    Spells: 15/15 levels left

rFire   + . .        R - +7 broad axe (flame)
rCold   . . .        i - +0 tower shield
rNeg    + + +        b - +5 chain mail of Daeqat {rF+ rN+ Will+ Str+2}
rPois   +            (helmet restricted)
rElec   +            f - +2 cloak
rCorr   +            u - +0 pair of gloves
SInv    +            O - +1 pair of boots
Will    +++++        s - amulet of the Disturbing Things {Reflect rPois rC+ Int+5 SH+5}
Stlth   +            y - ring of Zeddaaz {Fire +Blink rN++ rCorr Str-2}
HPRegen 1.41/turn    p - ring "Nosuets" {rElec rF- Will+ Str+6 SInv}
MPRegen 0.30/turn

%: reflection, guardian spirit
@: strong-willed, regenerating, studying Dodging
A: horns 2, thin skeletal structure 2, ignite blood 1, magic shield, magic
regeneration, magic link, corrupting presence 1
a: Renounce Religion, Evoke Blink, Berserk, Trog's Hand, Brothers in Arms


You were on level 1 of the Spider Nest.
You worshipped Trog.
Trog was exalted by your worship.
You visited 4 branches of the dungeon, and saw 22 of its levels.
You also visited: Gauntlet.

You collected 3182 gold pieces.
You spent 1842 gold pieces at shops.

Inventory:

Hand Weapons
 h - the +10 broad axe "Tempaale" {antimagic, Stlth+}
   (Trog gifted it to you in a Gauntlet)

   Stlth+:    It makes you more stealthy.
 K - a +7 heavy broad axe
 R - a +7 broad axe of flaming (weapon)
Missiles
 z - 4 throwing nets
Armour
 b - the +5 chain mail of Daeqat (worn) {rF+ rN+ Will+ Str+2}
   (You found it in a Gauntlet)

   Str+2:     It affects your strength (+2).
   rF+:       It protects you from fire.
   rN+:       It protects you from negative energy.
   Will+:     It increases your willpower.
 f - a +2 cloak (worn)
 i - a +0 tower shield (worn)
 u - a +0 pair of gloves (worn)
 O - a +1 pair of boots (worn)
Jewellery
 p - the ring "Nosuets" (right hand) {rElec rF- Will+ Str+6 SInv}
   (You found it in a Gauntlet)

   [ring of strength]

   Str+6:     It affects your strength (+6).
   rF-:       It makes you vulnerable to fire.
   rElec:     It insulates you from electricity.
   Will+:     It increases your willpower.
   SInv:      It lets you see invisible.
 s - the amulet of the Disturbing Things (around neck) {Reflect rPois rC+ Int+5 SH+5}
   (You found it on level 13 of the Dungeon)

   [amulet of reflection]

   Reflect:   It reflects blocked missile attacks.
   Int+5:     It affects your intelligence (+5).
   rC+:       It protects you from cold.
   rPois:     It protects you from poison SH+5: It affects your SH (+5).
 y - the ring of Zeddaaz (left hand) {Fire +Blink rN++ rCorr Str-2}
   (You found it on level 5 of the Lair of Beasts)

   [ring of fire]

   Fire:      It enhances your fire magic.
   Str-2:     It affects your strength (-2).
   rF+:       It protects you from fire.
   rC-:       It makes you vulnerable to cold.
   rN++:      It greatly protects you from negative energy.
   +Blink:    It lets you blink.
   rCorr:     It protects you from acid and corrosion.
 C - the ring "Ylyraox" {MP+9 Str+8}
   (You found it on level 3 of the Lair of Beasts)

   [ring of magical power]

   Str+8:     It affects your strength (+8).
   MP+9:      It affects your magic capacity (+9).
 F - a ring of protection from fire
 P - a ring of poison resistance
 S - a ring of see invisible
 X - an amulet of regeneration
Talismans
 Y - a granite talisman
Wands
 j - a wand of acid (4)
 D - a wand of digging (1)
 M - a wand of paralysis (29)
 W - a wand of iceblast (15)
Scrolls
 e - 5 scrolls of poison
 g - 3 scrolls of fear
 r - 4 scrolls of revelation
 t - 12 scrolls of teleportation
 B - 3 scrolls of blinking
 E - 5 scrolls of fog
 J - a scroll of noise
 N - 2 scrolls of brand weapon
 T - 3 scrolls of immolation
 U - 2 scrolls of enchant armour
 Z - a scroll of torment
Potions
 a - 4 potions of ambrosia
 d - 7 potions of might
 k - a potion of experience {unknown}
 l - 4 potions of brilliance
 m - 3 potions of berserk rage
 n - 5 potions of enlightenment
 o - 3 potions of magic
 q - 14 potions of curing
 w - 4 potions of heal wounds {unknown}
 x - 5 potions of lignification
 A - 2 potions of cancellation {unknown}
 H - 2 potions of attraction
 I - 10 potions of mutation
 L - 3 potions of haste {unknown}
 V - 2 potions of invisibility {unknown}
Miscellaneous
 c - a phial of floods (inert)
 v - a phantom mirror
 G - a lightning rod (4/4)
 Q - a tin of tremorstones (2/2)


   Skills:
 + Level 12.0 Fighting
 - Level 18.0 Axes
 + Level 9.5 Armour
 + Level 10.9 Dodging
 + Level 8.8 Shields
 - Level 2.3 Invocations
 - Level 10.3 Evocations
 + Level 2.1 Shapeshifting


You had 15 spell levels left.
You didn't know any spells.
Your spell library contained the following spells:

 Spells                   Type           Power      Damage    Failure   Level
 Apportation              Tloc           0%         N/A       95%         1
 Magic Dart               Conj           0%         1d3       95%         1
 Necrotise                Necr           0%         1d4       95%         1
 Sandblast                Erth           0%         2d4       95%         1
 Shock                    Conj/Air       0%         1d3       95%         1
 Slow                     Hex            0%         N/A       95%         1
 Sting                    Tmut/Pois      0%         1d3       95%         1
 Summon Small Mammal      Summ           0%         N/A       95%         1
 Blink                    Tloc           0%         N/A       99%         2
 Call Imp                 Summ           0%         N/A       99%         2
 Ensorcelled Hibernation  Hex/Ice        0%         N/A       99%         2
 Jinxbite                 Hex            0%         N/A       99%         2
 Lesser Beckoning         Tloc           0%         N/A       99%         2
 Passwall                 Tmut/Erth      0%         N/A       99%         2
 Call Canine Familiar     Summ           0%         N/A       100%        3
 Dazzling Flash           Conj/Hex       0%         N/A       100%        3
 Gell's Gravitas          Tloc           0%         N/A       100%        3
 Hailstorm                Conj/Ice       0%         3d3       100%        3
 Ignite Poison            Fire/Tmut/Pois 0%         N/A       100%        3
 Mephitic Cloud           Conj/Pois/Air  0%         N/A       100%        3
 Ozocubu's Armour         Ice            0%         N/A       100%        3
 Sigil of Binding         Hex            0%         N/A       100%        3
 Stone Arrow              Conj/Erth      0%         3d7       100%        3
 Summon Guardian Golem    Hex/Summ       0%         N/A       100%        3
 Swiftness                Air            0%         N/A       100%        3
 Teleport Other           Tloc           0%         N/A       100%        3
 Tukima's Dance           Hex            0%         N/A       100%        3
 Airstrike                Air            0%         2d(0-16)  100%        4
 Animate Armour           Summ/Erth      0%         N/A       100%        4
 Animate Dead             Necr           0%         N/A       100%        4
 Brom's Barrelling Bould  Conj/Erth      0%         2d3       100%        4
 Cause Fear               Hex            0%         N/A       100%        4
 Dimensional Bullseye     Hex/Tloc       0%         N/A       100%        4
 Leda's Liquefaction      Hex/Erth       0%         N/A       100%        4
 Manifold Assault         Tloc           0%         N/A       100%        4
 Summon Ice Beast         Ice/Summ       0%         N/A       100%        4
 Vhi's Electric Charge    Tloc/Air       0%         N/A       100%        4
 Agony                    Necr           0%         N/A       100%        5
 Alistair's Intoxication  Tmut/Pois      0%         N/A       100%        5
 Arcjolt                  Conj/Air       0%         1d10      100%        5
 Fireball                 Conj/Fire      0%         3d3       100%        5
 Irradiate                Conj/Tmut      0%         3d11      100%        5
 Silence                  Hex/Air        0%         N/A       100%        5
 Summon Forest            Summ/Tloc      0%         N/A       100%        5
 Summon Mana Viper        Hex/Summ       0%         N/A       100%        5
 Yara's Violent Unravell  Hex/Tmut       0%         3d3       100%        5
 Bombard                  Conj/Erth      0%         9d1       100%        6
 Dispersal                Tloc           0%         N/A       100%        6
 Eringya's Noxious Bog    Tmut/Pois      0%         4d6       100%        6
 Plasma Beam              Fire/Air       0%         2x1d10    100%        6
 Simulacrum               Ice/Necr       0%         N/A       100%        6
 Starburst                Conj/Fire      0%         6d3       100%        6
 Summon Cactus Giant      Summ           0%         N/A       100%        6
 Haunt                    Necr/Summ      0%         N/A       100%        7
 Ozocubu's Refrigeration  Ice            0%         4d7       100%        7
 Summon Hydra             Summ           0%         N/A       100%        7
 Infestation              Necr           0%         N/A       100%        8
 Lehudib's Crystal Spear  Conj/Erth      0%         10d2      100%        8
 Dragon's Call            Summ           0%         N/A       100%        9


Dungeon Overview and Level Annotations

Branches:
Dungeon (15/15)            Temple (1/1) D:6            Lair (5/5) D:8
  Swamp (0/4) Lair:2       Spider (1/4) Lair:2        Slime (0/5) Lair:4
    Orc (0/2) D:9          Vaults (0/5) D:14         Depths (0/4) D:15
Gauntlet (visited)

Altars:
Ashenzari
Cheibriados
Dithmenos
Fedhas
Gozag
Hepliaklqana
Kikubaaqudgha
Makhleb
Nemelex Xobeh
Okawaru
Qazlal
Ru
Sif Muna
Trog
Uskayaw
Vehumet
Wu Jian
Xom
Yredelemnul
Lugonu

Shops:
D:3 !   D:9 (   D:14 *   D:15 [([**

Portals:
Abyss: Lair:5
Trove: D:11 (give 14 scrolls of teleportation)


Innate Abilities, Weirdness & Mutations

You have a pair of horns on your head.
You have a moderately thin skeletal structure. (Dex +4, Stealth++)
Your demonic aura sometimes causes spilled blood to erupt in flames.
When hurt, damage is shared between your health and your magic reserves.
You regenerate magic rapidly.
When low on magic, you restore magic in place of health.
Your presence sometimes corrodes those you injure.


Message History

The emperor scorpion simulacrum vaporises!
You hit the boulder beetle but do no damage.
You block the boulder beetle's attack.
The orb spider's soul is no longer bound.
The orb spider pulsates with a strange energy.
You slash the boulder beetle! You burn the boulder beetle.
You headbutt the boulder beetle, but do no damage.
The boulder beetle is moderately wounded.
You block the boulder beetle's attack.
You slash the boulder beetle! You burn the boulder beetle.
You headbutt the boulder beetle.
The boulder beetle is heavily wounded.
The orb spider weaves a glowing orb of energy.
An orb of destruction comes into view.
You hit the boulder beetle. You burn the boulder beetle.
The boulder beetle is severely wounded.
The boulder beetle closely misses you.
You regained 2 mp, and now have 9/17 mp.
You slash the boulder beetle! You burn the boulder beetle.
You headbutt the boulder beetle!
You kill the boulder beetle!
Trog accepts your kill.
Your Fighting skill increases to level 12!
You block the orb of destruction... and reflect it back!
The orb spider spins a strand of pure energy.
You regained 2 mp, and now have 13/17 mp.
Aim the phial where?
Press: ? - help, Shift-Dir - straight line, f - orb spider
Aim: an orb spider (fully charged, 76% to hit)
The torrent of water hits the orb spider!
The orb spider is moderately wounded.
The orb spider is knocked back by the torrent of water.
The orb spider is engulfed in water.
The wave splashes down.
The orb of destruction hits a rock wall.
The orb spider weaves a glowing orb of energy.
An orb of destruction comes into view.
You regained 2 hp, and now have 6/127 hp.
The orb of destruction hits you!!!
You die...

#...###..
.#........
..........
.......
^.~..#######
#~~~s~≈...#
#####~°~.#...#
#...~○~~~#...#
##...†@..##...#
#.......##....#
#..○.†###.....#
##^....#......#
#.............#
#........<....#
##..##.....#..#
####.....#####
#.....##


You could see an orb spider (unsilenced, waterlogged).

Vanquished Creatures
  Roxanne (D:15)
  An emperor scorpion (Spider:1)
  A frost giant (D:15)
  Nessos (D:15)
  A dire elephant (Lair:4)
  A minotaur (Gauntlet)
  Snorg (Lair:4)
  6 hydras
  An entropy weaver (shapeshifter) (Lair:5)
  Fannar (D:10)
  A vault guard (D:14)
  An ogre mage (D:15)
  8 centaur warriors
  2 catoblepae
  6 two-headed ogres
  2 dancing weapons
  8 boulder beetles
  4 tengu warriors (D:15)
  3 thrashing horrors (Lair:5)
  6 death yaks (Lair:4)
  2 vampire magi (D:13)
  A demonic crawler (Spider:1)
  Amaemon (Lair:2)
  A pharaoh ant (Spider:1)
  7 skeletal warriors
  2 spriggan druids (Lair:2)
  A flayed ghost (D:13)
  A harpy (shapeshifter) (D:13)
  An arcanist (D:9)
  A large abomination (Lair:5)
  2 deep elf pyromancers
  5 cyclopes
  A wolf spider (Spider:1)
  An oklob plant (Lair:3)
  A manticore (D:12)
  11 elephants
  A worldbinder (Gauntlet)
  26 ugly things
  3 black mambas
  2 gargoyles
  13 cane toads
  2 torpor snails
  A cane toad (shapeshifter) (D:13)
  An orange demon (Lair:2)
  3 smoke demons (Lair:5)
  4 unseen horrors
  A kobold demonologist (D:11)
  9 komodo dragons
  7 rime drakes
  2 efreet
  4 guardian mummies (D:13)
  A tengu conjurer (D:13)
  2 yaktaurs (shapeshifter) (D:13)
  A queen bee (Lair:2)
  7 trolls
  A polar bear (Lair:2)
  Prince Ribbit (D:9)
  5 hornets
  A snapping turtle (shapeshifter) (D:13)
  19 blink frogs
  3 raiju
  Grinder (D:4)
  4 dream sheep (Lair:4)
  Sigmund (D:2)
  6 shadows
  12 flying skulls (Gauntlet)
  7 slime creatures
  A culicivora (shapeshifter) (D:13)
  A culicivora (Lair:2)
  4 centaur simulacra
  A ynoxinul (Lair:5)
  71 yaks
  4 wraiths
  7 vampires
  7 wyverns
  2 water elementals (D:15)
  A steam dragon (D:10)
  6 golden eyes (D:13)
  11 basilisks
  5 redbacks
  3 chaos spawn
  10 vampire mosquitoes
  2 acid dragons (D:12)
  2 ice beasts (D:6)
  4 spectral shapeshifters (D:13)
  A sky beast (D:8)
  13 water moccasins
  5 orc warriors
  2 black bears
  3 ogres
  6 boggarts
  15 wolves
  11 small abominations (Lair:5)
  10 centaurs
  A phantom (D:5)
  3 kobold brigands
  6 bullfrogs
  Blork the orc (D:5)
  3 gnoll sergeants
  2 scorpions
  A hornet simulacrum (Gauntlet)
  9 wights
  4 shapeshifter zombies (D:13)
  3 troll zombies (D:9)
  33 killer bees
  5 electric eels
  A crimson imp (D:9)
  10 howler monkeys
  4 hounds
  5 jellies
  Crazy Yiuf (D:3)
  A gnoll bouda (D:4)
  8 orc priests
  7 hell rats (Lair:3)
  2 sleepcaps (D:5)
  5 iguanas
  15 orc wizards
  A lightning spire (Gauntlet)
  Terence (D:3)
  3 ogre zombies (D:9)
  24 gnolls
  A river rat (Lair:2)
  7 adders
  A shadow imp (D:7)
  4 ufetubi (D:6)
  2 worms
  3 dart slugs
  42 orcs
  4 ball pythons
  6 bats
  5 endoplasms
  5 giant cockroaches
  2 gnoll zombies (D:9)
  9 goblins
  5 hobgoblins
  4 jackals (D:5)
  5 quokkas
  5 frilled lizards
  A gnoll skeleton (D:9)
  21 kobolds
  3 orc skeletons (D:9)
  13 orc zombies (D:9)
  4 rats
765 creatures vanquished.

Notes
Turn   | Place    | Note
-------+----------+-------------------------------------------
     0 | D:1      | Dirtsage the Demonspawn Berserker began the quest for the
                  | Orb.
     0 | D:1      | Reached XP level 1. HP: 18/18 MP: 1/1
    62 | D:1      | Reached skill level 3 in Axes
   111 | D:1      | Found a faded altar of an unknown god.
   145 | D:1      | You fall into a shaft and drop 1 floor!
   190 | D:1      | Gained mutation: You have a pair of small horns on your
                  | head. [demonic ancestry]
   190 | D:1      | Reached XP level 2. HP: 24/24 MP: 2/2
   413 | D:1      | Reached ** piety under Trog
   714 | D:1      | Gained mutation: You have a pair of horns on your head.
                  | [demonic ancestry]
   714 | D:1      | Reached XP level 3. HP: 25/29 MP: 3/3
   911 | D:2      | Noticed Sigmund
   917 | D:2      | Killed Sigmund
   918 | D:2      | Reached skill level 5 in Axes
   918 | D:2      | Gained mutation: You regenerate magic rapidly. [demonic
                  | ancestry]
   918 | D:2      | Reached XP level 4. HP: 32/35 MP: 4/4
   918 | D:2      | Reached XP level 5. HP: 38/41 MP: 5/5
  1246 | D:2      | Reached skill level 6 in Axes
  1594 | D:3      | Found Esilil's Distillery.
  1611 | D:3      | Bought a potion of curing for 30 gold pieces
  1751 | D:3      | Gained mutation: When hurt, damage is shared between your
                  | health and your magic reserves. [demonic ancestry]
  1751 | D:3      | Reached XP level 6. HP: 42/47 MP: 6/6
  2025 | D:3      | Noticed Terence
  2031 | D:3      | Killed Terence
  2174 | D:3      | Found a runed translucent door.
  2175 | D:3      | Noticed Crazy Yiuf
  2182 | D:3      | Killed Crazy Yiuf
  2264 | D:3      | Reached skill level 7 in Axes
  2792 | D:4      | Noticed Grinder
  2794 | D:4      | Paralysed by Grinder for 5 turns
  2806 | D:4      | Paralysed by Grinder for 4 turns
  2813 | D:4      | Paralysed by Grinder for 4 turns
  2821 | D:4      | Paralysed by Grinder for 3 turns
  2827 | D:4      | Paralysed by Grinder for 3 turns
  2868 | D:4      | Paralysed by Grinder for 2 turns
  2877 | D:4      | Killed Grinder
  2878 | D:4      | Reached skill level 1 in Evocations
  2878 | D:4      | Reached XP level 7. HP: 15/52 MP: 5/7
  3090 | D:5      | Entered Level 5 of the Dungeon
  3259 | D:4      | Reached *** piety under Trog
  3550 | D:4      | Reached skill level 8 in Axes
  3860 | D:5      | Reached XP level 8. HP: 55/60 MP: 6/8
  4093 | D:5      | Reached skill level 5 in Fighting
  4104 | D:5      | Reached skill level 9 in Axes
  4254 | D:5      | Noticed Blork the orc
  4261 | D:5      | Killed Blork the orc
  4536 | D:5      | Reached **** piety under Trog
  4684 | D:6      | Found a staircase to the Ecumenical Temple.
  4693 | Temple   | Entered the Ecumenical Temple
  4859 | D:6      | Found a broken altar of Ashenzari.
  4866 | D:6      | Found a radiant altar of Vehumet.
  4887 | D:6      | Gained mutation: You have a somewhat thin skeletal
                  | structure. (Dex +2, Stealth+) [demonic ancestry]
  4887 | D:6      | Reached XP level 9. HP: 68/68 MP: 9/9
  5460 | D:7      | Reached skill level 5 in Evocations
  5610 | D:7      | Reached skill level 10 in Axes
  5718 | D:7      | Reached ***** piety under Trog
  5993 | D:7      | Found a blossoming altar of Fedhas.
  6958 | D:8      | Noticed a centaur warrior
  6962 | D:8      | Noticed a troll
  6969 | D:8      | Killed a troll
  6969 | D:8      | Killed a centaur warrior
  6970 | D:8      | Reached skill level 1 in Shields
  6970 | D:8      | Gained mutation: When low on magic, you restore magic in
                  | place of health. [demonic ancestry]
  6970 | D:8      | Reached XP level 10. HP: 77/77 MP: 10/10
  7311 | D:8      | Noticed a catoblepas
  7313 | D:8      | Noticed a deep elf pyromancer
  7316 | D:8      | Noticed a centaur warrior
  7317 | D:8      | Noticed a centaur warrior
  7330 | D:8      | Killed a catoblepas
  7337 | D:8      | Killed a deep elf pyromancer
  7338 | D:8      | Reached skill level 11 in Axes
  7354 | D:8      | Killed a centaur warrior
  7370 | D:8      | Killed a centaur warrior
  7479 | D:8      | Got the Verses on Smouldering Filth
  7515 | D:8      | Reached XP level 11. HP: 85/85 MP: 8/11
  7690 | D:8      | Found a staircase to the Lair.
  7826 | D:8      | Noticed a centaur warrior
  7833 | D:8      | Killed a centaur warrior
  8421 | D:9      | Received a gift from Trog
  8438 | D:9      | Found a staircase to the Orcish Mines.
  8756 | D:9      | Reached skill level 12 in Axes
  8852 | D:9      | Noticed an arcanist
  8871 | D:9      | Killed an arcanist
  8988 | D:9      | Found Woapn's Antique Weapon Boutique.
  9103 | D:9      | Noticed Prince Ribbit
  9117 | D:9      | Killed Prince Ribbit
  9196 | D:10     | Entered Level 10 of the Dungeon
  9208 | D:10     | Reached skill level 5 in Armour
  9723 | D:10     | Noticed Fannar
  9752 | D:10     | Killed Fannar
  9753 | D:10     | Reached skill level 5 in Dodging
  9993 | D:10     | Found an ancient bone altar of Kikubaaqudgha.
 10157 | D:10     | Gained mutation: Your demonic aura sometimes causes spilled
                  | blood to erupt in flames. [demonic ancestry]
 10157 | D:10     | Reached XP level 12. HP: 94/94 MP: 12/12
 10552 | D:11     | Noticed a two-headed ogre
 10558 | D:11     | Killed a two-headed ogre
 10586 | D:11     | Noticed a boulder beetle
 10612 | D:11     | Killed a boulder beetle
 10682 | D:11     | Reached skill level 5 in Shields
 10691 | D:11     | Found a portal to a secret trove of treasure.
 11096 | D:11     | Noticed a boulder beetle
 11132 | D:11     | Killed a boulder beetle
 11133 | D:11     | Reached skill level 13 in Axes
 11828 | Lair:1   | Entered Level 1 of the Lair of Beasts
 12321 | Lair:1   | Identified a scroll of acquirement
 12596 | Lair:1   | Noticed an eight-headed hydra
 12603 | Lair:1   | Killed a five-headed hydra
 12851 | Lair:2   | Received a gift from Trog
 12854 | Lair:2   | Reached XP level 13. HP: 101/101 MP: 13/13
 13075 | Lair:2   | Found a hole to the Spider Nest.
 13154 | Lair:2   | Noticed Amaemon
 13162 | Lair:2   | Killed Amaemon
 13748 | Lair:2   | Reached skill level 10 in Fighting
 14004 | Lair:2   | Acquired a manual of Dodging
 14005 | Lair:2   | Acquired 1181 gold pieces
 14289 | Lair:2   | Received a gift from Trog
 14290 | Lair:2   | Reached skill level 14 in Axes
 14320 | Lair:2   | Found a staircase to the Swamp.
 15163 | Lair:3   | Identified the ring "Ylyraox" {MP+9 Str+8}
 15690 | Lair:4   | Found a gate leading to a gauntlet.
 15710 | Gauntlet | Entered a Gauntlet
 15710 | Gauntlet | Found a transporter.
 15718 | Gauntlet | Found a runed translucent door.
 15721 | Gauntlet | Found a transporter.
 15722 | Gauntlet | Found a transporter.
 15723 | Gauntlet | Found a transporter.
 15734 | Gauntlet | Found a transporter.
 15735 | Gauntlet | Found a transporter.
 15739 | Gauntlet | Found a transporter.
 15743 | Gauntlet | Found a transporter.
 15746 | Gauntlet | Found a transporter.
 15747 | Gauntlet | Found a transporter.
 15758 | Gauntlet | Found a transporter.
 15758 | Gauntlet | Found a transporter.
 15759 | Gauntlet | Found a transporter.
 15767 | Gauntlet | Found a transporter.
 15904 | Gauntlet | Identified the +5 chain mail of Daeqat {rF+ rN+ Will+
                  | Str+2}
 16000 | Gauntlet | Reached XP level 14. HP: 92/111 MP: 14/14
 16012 | Gauntlet | Reached ****** piety under Trog
 16017 | Gauntlet | Identified the +10 broad axe "Tempaale" {antimagic, Stlth+}
                  | (Trog gifted it to you in a Gauntlet)
 16017 | Gauntlet | Received a gift from Trog
 16024 | Gauntlet | Identified the ring "Nosuets" {rElec rF- Will+ Str+6 SInv}
 16263 | Gauntlet | Identified the +2 leather armour of Qeocli {rF- Will+
                  | Str+5}
 16264 | Gauntlet | Got the Essays on Detritus and Reconstruction
 16438 | Lair:4   | Noticed Snorg
 16450 | Lair:4   | Killed Snorg
 16631 | Lair:4   | Found a staircase to the Slime Pits.
 16757 | Lair:4   | Reached skill level 10 in Evocations
 17669 | Lair:5   | Entered Level 5 of the Lair of Beasts
 17818 | Lair:5   | Reached skill level 15 in Axes
 17974 | Lair:5   | Received a gift from Trog
 18286 | Lair:5   | Found a corrupted altar of Lugonu.
 18286 | Lair:5   | Found a one-way gate to the infinite horrors of the Abyss.
 18299 | Lair:5   | Identified the ring of Zeddaaz {Fire +Blink rN++ rCorr
                  | Str-2}
 18612 | Lair:5   | Gained mutation: You have a moderately thin skeletal
                  | structure. (Dex +4, Stealth++) [demonic ancestry]
 18612 | Lair:5   | Reached XP level 15. HP: 108/119 MP: 15/15
 19272 | D:12     | Reached skill level 1 in Invocations
 19309 | D:12     | Upgraded the game from 0.31-a0-1042-ga9834b393d to
                  | 0.31-a0-1059-g83d41fd8b6
 19505 | D:12     | Identified the +1 helmet "Miwifafeen" {rPois}
 19527 | D:12     | Reached skill level 10 in Dodging
 20247 | D:13     | Found an ancient bone altar of Kikubaaqudgha.
 20247 | D:13     | Found a shimmering altar of Xom.
 20247 | D:13     | Found a basalt altar of Yredelemnul.
 20250 | D:13     | Received a gift from Trog
 20361 | D:13     | Reached skill level 16 in Axes
 20556 | D:13     | Found a shimmering altar of Xom.
 21367 | D:13     | Identified the amulet of the Disturbing Things {Reflect
                  | rPois rC+ Int+5 SH+5}
 21388 | D:13     | Got Ciebb's Atlas of the Oath
 21396 | D:13     | Got Xom's Compendium of Wondrous Power
 21921 | D:14     | Found Raett's Mass Market.
 21925 | D:14     | Bought a +0 tower shield for 67 gold pieces
 21980 | D:14     | Reached skill level 17 in Axes
 22325 | D:14     | Found a gate to the Vaults.
 22538 | D:15     | Entered Level 15 of the Dungeon
 22538 | D:15     | Noticed Nessos
 22538 | D:15     | Found Siep Dao's Antique Armour Emporium.
 22544 | D:15     | Killed Nessos
 22573 | D:15     | Noticed Roxanne
 22600 | D:15     | Received a gift from Trog
 22657 | D:15     | Killed Roxanne
 22671 | D:15     | Found Dila Cirph's Weapon Emporium.
 22710 | D:15     | Gained mutation: Your presence sometimes corrodes those you
                  | injure. [demonic ancestry]
 22710 | D:15     | Reached XP level 16. HP: 106/127 MP: 17/17
 22916 | D:15     | Bought a warped plate armour for 1204 gold pieces
 22916 | D:15     | Identified the +0 plate armour of Classification {rPois rF+
                  | rN++ Str-5} (You bought it in a shop on level 15 of the
                  | Dungeon)
 23093 | D:15     | Reached skill level 1 in Shapeshifting
 23253 | D:15     | Found Kusmoduc's General Store.
 23261 | D:15     | Bought 2 potions of lignification for 114 gold pieces
 23261 | D:15     | Bought a scroll of identify for 38 gold pieces
 23261 | D:15     | Bought a potion of mutation for 152 gold pieces
 23282 | D:15     | Found Vapeig's Assorted Antiques.
 23291 | D:15     | Bought an amethyst potion for 27 gold pieces
 23291 | D:15     | Bought a scroll labelled XIT BOCLAOBUE for 30 gold pieces
 23291 | D:15     | Bought a potion of curing for 90 gold pieces
 23291 | D:15     | Bought a scroll of teleportation for 90 gold pieces
 23439 | D:15     | Found a staircase to the Depths.
 23626 | D:15     | Found Faenue's Armour Emporium.
 23679 | D:15     | Reached skill level 18 in Axes
 24071 | Spider:1 | Entered Level 1 of the Spider Nest
 24117 | Spider:1 | HP: 1/127 [emperor scorpion simulacrum (21)]
 24131 | Spider:1 | Blown up by an orb spider

Illustrated notes

Levels and vault maps discovered:
D:1:      matt_arrival_spirals, layout_basic,
          chequers_ecumenical_altar_simple_redux, reono_crystal_passage,
          minmay_misc_feat_rugged
D:2:      wander_river, layout_basic, nicolae_hexahallways, uniq_sigmund
D:3:      layout_basic, serial_shops, shop, uniq_crazy_yiuf_cottage,
          uniq_terence
D:4:      layout_cave_pools, uniq_grinder
D:5:      layout_loops_ring, amcnicky_mini_corridor_feature, uniq_blork_the_orc
D:6:      layout_gridville, grunt_temple_overflow_open,
          minmay_temple_entry_large_hall
D:7:      layout_basic, fedhas_altar_4
D:8:      minmay_the_grid_four_pointed_star
          [minmay_the_grid_triangle_9x9_minimal,
          minmay_the_grid_triangle_9x9_stretched_checkered,
          minmay_the_grid_triangle_9x9_zippers_vertical,
          minmay_the_grid_triangle_9x9_zippers_horizontal,
          minmay_the_grid_prize_four_corners], layout_loops_ring,
          lair_entry_dummy, chequers_serial_rivers_micro_d,
          minmay_diamond_spiral
D:9:      layout_gridville, zombieorc1_lemuel, nicolae_take_the_stairs,
          lightli_wizard_tower, uniq_prince_ribbit1
D:10:     layout_irregular_city, lemuel_tele_altar, kennysheep_cluttered_room,
          uniq_fannar
D:11:     minmay_weird_star, layout_irregular_city, enter_trove_3
D:12:     layout_rooms
D:13:     skrybe_chaotic_catacombs, layout_irregular_city, st_stairs_12
D:14:     layout_basic, erik_vaults_1, minmay_shop_mass
D:15:     grunt_enter_depths_snipers, layout_basic, serial_shops,
          nicolae_shop_bloodbath_and_beyond, nicolae_shop_trees, shop,
          nicolae_square_shop, nicolae_shop_waterfront,
          dreamdust_princess_bridge, grunt_decor_cap, uniq_nessos, uniq_roxanne
Temple:   hc_temple_tempest_star
Lair:1:   layout_regular_city, lemuel_fruit_tree
Lair:2:   regret_index_bee_streams, layout_regular_city,
          mainiacjoe_swamp_entry_angry_trees, spider_nest_entry_rubble,
          chequers_serial_rivers_micro_e, uniq_amaemon
Lair:3:   layout_regular_city, minmay_lair_oklob_items
Lair:4:   layout_cave_pods, dpeg_slime_entry_enclosed, gauntlet_entry_generic,
          nicolae_lair_grazing_beasts [nicolae_sub_lair_graze_edge,
          nicolae_sub_lair_graze_edge, nicolae_sub_lair_graze_edge,
          nicolae_sub_lair_graze_edge], uniq_snorg
Lair:5:   hellmonk_lair_end_abyssal_woods, layout_cave_shapes,
          eino_small_chamber_without_monster, minmay_lair_drake_nest
Spider:1: layout_spider_delve, nicolae_spider_webbed_stairs

Skill      XL: |  1  2  3  4  5  6  7  8  9 10 11 12 13 14 15 16 |
---------------+-------------------------------------------------+-----
Axes           | 3 5 6 7 8 9 10 11 12 13 14 15 17 18 | 18.0
Evocations     | 1 2 4 6 7 8 9 10 | 10.3
Fighting       | 4 5 6 7 8 9 10 11 12 | 12.0
Armour         | 2 3 5 6 7 8 9 |  9.5
Dodging        | 2 3 5 6 7 9 10 | 10.9
Shields        | 1 3 4 5 7 8 |  8.8
Invocations    | 2 |  2.3
Shapeshifting  | 2 |  2.1

Action                     |  1- 3 |  4- 6 |  7- 9 | 10-12 | 13-15 | 16-18 || total
---------------------------+-------+-------+-------+-------+-------+-------++-------
  Melee: Hand axe          |    70 |   169 |   399 |   421 |       |       ||  1059
         Headbutt          |     5 |    22 |    74 |   147 |   215 |    40 ||   503
         Punch             |       |     1 |     5 |       |       |       ||     6
         Broad axe         |       |       |       |   168 |   922 |   127 ||  1217
 Invoke: Berserk           |     1 |     3 |     4 |     5 |     2 |       ||    15
         Trog's Hand       |       |     1 |       |     2 |     1 |     1 ||     5
         Brothers in Arms  |       |       |       |     1 |       |       ||     1
  Evoke: Wand              |       |       |     2 |       |     4 |       ||     6
         Phial of floods   |       |       |       |       |       |     1 ||     1
    Use: Scroll            |       |     5 |     4 |     7 |    17 |     2 ||    35
         Potion            |       |       |     1 |       |     2 |       ||     3
   Stab: Sleeping          |     1 |       |       |       |       |       ||     1
 Armour: Animal skin       |    38 |       |       |       |       |       ||    38
         Ring mail         |     4 |       |       |       |       |       ||     4
         Plate armour      |       |   147 |   338 |   482 |   215 |       ||  1182
         Chain mail        |       |       |       |       |   329 |    67 ||   396
  Dodge: Dodged            |    53 |    37 |    97 |   170 |   312 |    33 ||   702
  Block: Other             |       |       |    47 |       |       |       ||    47
         Buckler           |       |       |     7 |   285 |   442 |       ||   734
         Reflection        |       |       |       |    11 |    13 |    11 ||    35
         Tower shield      |       |       |       |       |    18 |   182 ||   200

Table legend: (Time is in decaauts)
 A = Elapsed time spent in this place.
 B = Non-inter-level travel time spent in this place.
 C = Inter-level travel time spent in this place.
 D = Time resting spent in this place.
 E = Time spent auto-exploring this place.
 F = Levels seen in this place.
 G = Mean time per level.
                   A        B        C        D        E       F      G
               +--------+--------+--------+--------+--------+-----+--------+
         Total |  24006 |  22512 |   1494 |   1149 |  17310 |  23 | 1043.7 |
       Dungeon |  16666 |  15498 |   1168 |   1107 |  11715 |  15 | 1111.1 |
        Temple |      1 |      1 |      0 |      0 |      0 |   1 |    1.0 |
          Lair |   6631 |   6307 |    324 |     42 |   5143 |   5 | 1326.2 |
   Spider Nest |     56 |     56 |      0 |      0 |     15 |   1 |   56.0 |
      Gauntlet |    650 |    650 |      0 |      0 |    436 |   1 |  650.0 |
               +--------+--------+--------+--------+--------+-----+--------+

Top non-repeatable levels by time:
  Lair:2: 1596 daAuts
    D:13: 1583 daAuts
    D:10: 1470 daAuts
     D:8: 1459 daAuts
     D:7: 1394 daAuts
  Lair:4: 1380 daAuts
  Lair:5: 1314 daAuts
  Lair:3: 1277 daAuts
    D:15: 1253 daAuts
    D:11: 1245 daAuts
     D:3: 1230 daAuts
     D:9: 1117 daAuts
    D:14: 1068 daAuts
  Lair:1: 1062 daAuts
     D:5: 1034 daAuts
